 Dungeon Crawl Stone Soup version 0.26-a0-43-g20b394c (webtiles) character file.

Game seed: 4824836336692321473

86 silenth the Chopper (level 4, 0/33 HPs)
             Began as an Octopode Fighter on June 4, 2020.
             Succumbed to an adder's poison
             ... on level 2 of the Dungeon.
             The game lasted 00:01:24 (1880 turns).

silenth the Chopper (Octopode Fighter)              Turns: 1880, Time: 00:01:24

Health: 0/33       AC:  1    Str: 16    XL:     4   Next: 50%
Magic:  4/4        EV: 11    Int: 10    God:
Gold:   56         SH:  8    Dex: 11    Spells: 3/3 levels left

rFire    . . .     SeeInvis .   a - +0 war axe
rCold    . . .     Gourm    .   b - +0 kite shield
rNeg     . . .     Faith    .   (helmet restricted)
rPois    .         Spirit   .   (no amulet)
rElec    .         Reflect  .   (no ring)
rCorr    .         Harm     .   (no ring)
MR       .....                  (no ring)
Stlth    ++........             (no ring)
HPRegen  0.11/turn              (no ring)
MPRegen  0.09/turn              (no ring)
                                (no ring)
                                (no ring)

@: lethally poisoned (0 -> -5)
A: almost no armour, stealthy swim, amphibious, 8 rings, constrict 8, camouflage
1, gelatinous body 1
a: no special abilities


You were on level 2 of the Dungeon.
You were very hungry.

You visited 1 branch of the dungeon, and saw 2 of its levels.

You collected 56 gold pieces.

Inventory:

Hand Weapons
 a - a +0 war axe (weapon)
Missiles
 k - 8 javelins (quivered)
Armour
 b - a +0 kite shield (worn)
Jewellery
 m - an uncursed ring of protection from magic
Scrolls
 d - 3 scrolls of remove curse {unknown}
 f - a scroll of fog {unknown}
 h - a scroll of blinking {unknown}
 i - a scroll of fear {unknown}
 j - 3 scrolls of identify {unknown}
 l - 2 scrolls of enchant armour {unknown}
 n - a scroll of amnesia {unknown}
Potions
 c - 2 potions of might
 g - a potion of flight {unknown}
Comestibles
 e - 6 rations


   Skills:
 + Level 3.8 Fighting
 * Level 3.9 Axes
 - Level 3.0 Dodging
 - Level 3.0 Shields


You had 3 spell levels left.
You didn't know any spells.
Your spell library was empty.

Dungeon Overview and Level Annotations

Branches:
Dungeon (2/15)

Altars:
Sif Muna


Innate Abilities, Weirdness & Mutations

You cannot wear most types of armour.
You are very stealthy in the water. (Stealth+)
You are amphibious.
You can wear up to eight rings at the same time.
You can use your tentacles to constrict eight enemies at once.
Your skin changes colour to match your surroundings (Stealth+).
Your rubbery body absorbs attacks. (AC +1, EV +1)


Message History

You are too injured to fight recklessly!
You closely miss the adder. Your grab misses the adder.
The adder is moderately wounded.
You miss the adder.
You feel sick. The adder bites you. The adder closely misses you.
You block the adder's attack. x2
You feel sick.
You miss the adder. You grab the adder. Your squeeze misses the adder.
The adder is moderately wounded.
You constrict the adder.
You feel sick. You block the adder's attack. The adder bites you.
* * * LOW HITPOINT WARNING * * *
You hit the adder but do no damage.
The adder is heavily wounded.
You constrict the adder.
* * * LOW HITPOINT WARNING * * *
You feel sick. The adder bites you but does no damage. The adder bites you.
* * * LOW HITPOINT WARNING * * *
You slash the adder!
You kill the adder!
You die...

###############
.............>#######
.#...............<...
.#.##########.######
.#.# #....# .#.#
####.# .#.####### #@#
.#.......# #†#
.#######.# #...S...#
.#######.# #.......#
.........# #.......#
.#..).#### #.......#
.#.##.# #.......#
....#.# #.......#
....#.# #.......#


You could see an adder.

Vanquished Creatures
  4 adders (D:2)
  2 dart slugs (D:1)
  A leopard gecko (D:2)
  3 giant cockroaches
  7 goblins
  4 hobgoblins
  3 jackals (D:1)
  5 bats
  2 frilled lizards
  9 kobolds
  4 rats
44 creatures vanquished.

Notes
Turn   | Place    | Note
-------+----------+-------------------------------------------
     0 | D:1      | silenth the Octopode Fighter began the quest for the Orb.
     0 | D:1      | Reached XP level 1. HP: 16/16 MP: 1/1
   140 | D:1      | Reached XP level 2. HP: 13/21 MP: 2/2
   819 | D:1      | Reached skill level 3 in Axes
   819 | D:1      | Reached XP level 3. HP: 20/26 MP: 3/3
  1431 | D:2      | Reached XP level 4. HP: 13/33 MP: 4/4
  1785 | D:2      | Found a faded altar of an unknown god.
  1797 | D:2      | Became a worshipper of Sif Muna the Loreminder
  1797 | D:2      | Reached * piety under Sif Muna
  1832 | D:2      | Fell from the grace of Sif Muna
  1879 | D:2      | HP: 3/33 [poisoned by an adder]
  1879 | D:2      | HP: 1/33 [adder (2)]
  1880 | D:2      | Succumbed to an adder's poison

Illustrated notes

Levels and vault maps discovered:
D:1:      minmay_arrival_hallway, layout_loops_ring, minmay_fountain_box,
          minmay_misc_feat_doors, minmay_pentomino_t2
D:2:      layout_basic, first_ration, chequers_ecumenical_altar_simple_redux

Skill      XL: |  1  2 |
---------------+-------+-----
Axes           | 3 |  3.9
Fighting       | |  3.8
Dodging        | |  3.0
Shields        | |  3.0

Action                   |  1- 3 |  4- 6 || total
-------------------------+-------+-------++-------
Melee: War axe           |    63 |    22 ||    85
       Constrict         |    14 |     4 ||    18
       Tentacles         |    11 |     1 ||    12
Invok: Renounce Religion |       |     1 ||     1
 Stab: Sleeping          |     2 |     1 ||     3
  Eat: Chunk             |     1 |     1 ||     2
Armor: Skin              |     7 |     3 ||    10
Dodge: Dodged            |    31 |    10 ||    41
Block: Kite shield       |    35 |     6 ||    41

Table legend:
 A = Non-vault XP
 B = Vault XP
 C = Vault XP percentage of total XP
 D = Non-vault monster count
 E = Vault monster count
 F = Vault count percentage of total count
                 A         B        C        D         E       F
            +---------+---------+-------+---------+---------+-------
      Total |     121 |       3 |   2.4 |      42 |       2 |   4.5
            +---------+---------+-------+---------+---------+-------
        D:1 |      42 |       3 |   6.7 |      24 |       2 |   7.7
        D:2 |      79 |       0 |   0.0 |      18 |       0 |   0.0
            +---------+---------+-------+---------+---------+-------
